[ AOE2 MATCH · #475346921 ]
UnrankedIncas vs Italians
Player's team · LOSS
[ REPLAY ANALYSIS · EXTRACTED FROM THE RECORDED GAME ]
Feudal
9:15
Castle
20:46
Imperial
36:06
| APM avg | 80.5 |
| APM peak | 251 |
| eAPM avg | 42.2 |
| Villagers / military | 119 / 92 |
Focus
⚔️ 71.7% · 🌾 28.3%
Skirmisher ×45 · Archer ×35 · Kamayuk ×6 · Mangonel ×3 · Trebuchet (Packed) ×3 · Unknown (2550) ×1
Feudal
8:51
Castle
19:30
Imperial
34:59
| APM avg | 94.0 |
| APM peak | 146 |
| eAPM avg | 56.6 |
| Villagers / military | 204 / 184 |
Focus
⚔️ 65.0% · 🌾 35.0%
Archer ×109 · Unknown (882) ×98 · Hand Cannoneer ×40 · Skirmisher ×16 · Trebuchet (Packed) ×5 · Mangonel ×4
Match map
Initial resources + every placement click. Lines = walls · curves = elevation contours. ◆ gold · ⬟ stone · ● berries · ✦ relic · ◌ wall gap
Inputs per minute
— [o.p.]King_Marv - - [o.p.]Oliver_Khan
Build order — [o.p.]King_Marv
First 150 of 365 actions detected
| 0:00 | Create | Villager (Male) |
| 0:00 | Create | Villager (Male) |
| 0:01 | Create | Villager (Male) |
| 0:01 | Create | Villager (Male) |
| 0:03 | Build | House |
| 1:18 | Create | Villager (Male) |
| 1:54 | Create | Villager (Male) |
| 2:22 | Build | Settlement |
| 2:26 | Create | Villager (Male) |
| 2:31 | Create | Villager (Male) |
| 2:58 | Create | Villager (Male) |
| 3:29 | Create | Villager (Male) |
| 3:57 | Create | Villager (Male) |
| 4:20 | Create | Villager (Male) |
| 4:51 | Create | Villager (Male) |
| 4:51 | Create | Villager (Male) |
| 5:16 | Create | Villager (Male) |
| 5:17 | Build | Settlement |
| 5:37 | Create | Villager (Male) |
| 6:03 | Research | Loom |
| 6:43 | Research | Feudal Age |
| 8:01 | Build | Barracks |
| 9:04 | Build | Palisade Wall |
| 9:05 | Build | Palisade Wall |
| 9:10 | Build | Palisade Wall |
| 9:13 | Build | Palisade Wall |
| 9:15 | Age | Feudal Age |
| 9:17 | Create | Villager (Male) |
| 9:17 | Create | Villager (Male) |
| 9:20 | Build | Archery Range |
| 9:25 | Build | Palisade Wall |
| 9:28 | Build | Palisade Wall |
| 9:29 | Build | Palisade Wall |
| 9:30 | Build | Palisade Wall |
| 9:31 | Build | Palisade Wall |
| 9:32 | Build | Palisade Wall |
| 9:33 | Build | Palisade Wall |
| 9:35 | Build | Palisade Wall |
| 9:36 | Build | Palisade Wall |
| 9:37 | Build | Palisade Wall |
| 9:43 | Create | Villager (Male) |
| 9:44 | Create | Villager (Male) |
| 10:00 | Create | Skirmisher |
| 10:00 | Create | Skirmisher |
| 10:21 | Research | Double-Bit Axe |
| 10:29 | Build | Palisade Wall |
| 10:30 | Build | Palisade Wall |
| 10:36 | Create | Villager (Male) |
| 10:41 | Build | Palisade Wall |
| 10:42 | Build | Palisade Wall |
| 10:43 | Build | Palisade Wall |
| 10:46 | Create | Skirmisher |
| 10:59 | Research | Horse Collar |
| 11:03 | Create | Villager (Male) |
| 11:11 | Build | Blacksmith |
| 11:24 | Create | Villager (Male) |
| 11:26 | Build | Farm |
| 11:27 | Build | Farm |
| 11:34 | Create | Skirmisher |
| 11:35 | Create | Skirmisher |
| 11:38 | Build | Palisade Wall |
| 11:41 | Build | Palisade Wall |
| 11:59 | Research | Fletching |
| 12:02 | Create | Villager (Male) |
| 12:09 | Create | Villager (Male) |
| 12:11 | Build | House |
| 12:38 | Build | Settlement |
| 12:49 | Create | Villager (Male) |
| 12:51 | Build | Palisade Wall |
| 13:01 | Create | Villager (Male) |
| 13:04 | Build | Palisade Wall |
| 13:08 | Create | Villager (Male) |
| 13:13 | Build | Farm |
| 13:27 | Build | House |
| 13:30 | Build | Farm |
| 13:31 | Create | Villager (Male) |
| 13:42 | Create | Villager (Male) |
| 13:59 | Create | Villager (Male) |
| 14:08 | Build | House |
| 14:10 | Create | Villager (Male) |
| 14:21 | Build | Farm |
| 14:21 | Build | Farm |
| 14:24 | Build | Settlement |
| 14:40 | Build | Farm |
| 15:08 | Create | Villager (Male) |
| 15:20 | Build | Market |
| 15:33 | Create | Villager (Male) |
| 15:53 | Create | Villager (Male) |
| 15:55 | Build | Watch Tower |
| 16:15 | Build | Palisade Wall |
| 16:30 | Build | Farm |
| 16:30 | Build | Farm |
| 16:31 | Build | Farm |
| 16:36 | Build | Settlement |
| 17:02 | Build | Palisade Wall |
| 17:05 | Build | House |
| 17:11 | Build | Watch Tower |
| 17:16 | Create | Villager (Male) |
| 17:20 | Build | House |
| 17:26 | Create | Villager (Male) |
| 17:28 | Build | Farm |
| 17:28 | Build | Farm |
| 18:00 | Build | Farm |
| 18:05 | Research | Castle Age |
| 18:15 | Create | Archer |
| 18:37 | Build | Archery Range |
| 19:00 | Create | Archer |
| 19:03 | Build | Watch Tower |
| 19:23 | Research | Padded Archer Armor |
| 19:54 | Create | Archer |
| 19:54 | Create | Archer |
| 19:59 | Build | Stone Wall |
| 20:00 | Build | Stone Wall |
| 20:25 | Create | Archer |
| 20:26 | Create | Archer |
| 20:46 | Age | Castle Age |
| 20:48 | Build | University |
| 20:51 | Research | Crossbowman (upgrade) |
| 21:08 | Create | Villager (Male) |
| 21:10 | Research | Bodkin Arrow |
| 21:32 | Research | Ballistics |
| 21:33 | Create | Villager (Male) |
| 21:42 | Create | Archer |
| 21:43 | Create | Archer |
| 21:48 | Create | Villager (Male) |
| 22:02 | Create | Villager (Male) |
| 22:02 | Create | Villager (Male) |
| 22:07 | Create | Archer |
| 22:27 | Create | Archer |
| 22:28 | Create | Archer |
| 22:36 | Create | Villager (Male) |
| 22:42 | Build | Town Center |
| 22:52 | Create | Archer |
| 22:55 | Create | Villager (Male) |
| 23:18 | Create | Archer |
| 23:18 | Create | Archer |
| 23:48 | Create | Villager (Male) |
| 23:49 | Create | Villager (Male) |
| 23:49 | Create | Archer |
| 23:50 | Create | Archer |
| 24:21 | Create | Villager (Male) |
| 24:22 | Create | Villager (Male) |
| 24:22 | Create | Villager (Male) |
| 24:28 | Build | Farm |
| 24:29 | Build | Farm |
| 24:29 | Build | Farm |
| 24:30 | Build | Farm |
| 24:33 | Create | Archer |
| 24:34 | Create | Archer |
| 25:03 | Research | Wheelbarrow |
Build order — [o.p.]Oliver_Khan
First 150 of 586 actions detected
| 0:01 | Create | Villager (Male) ×4 |
| 0:02 | Build | House |
| 0:03 | Build | House |
| 1:24 | Create | Villager (Male) |
| 1:57 | Create | Villager (Male) |
| 1:58 | Create | Villager (Male) |
| 2:27 | Build | Lumber Camp |
| 2:31 | Create | Villager (Male) |
| 2:31 | Create | Villager (Male) |
| 2:31 | Create | Villager (Male) |
| 3:19 | Create | Villager (Male) |
| 3:38 | Create | Villager (Male) |
| 3:59 | Build | House |
| 4:08 | Create | Villager (Male) |
| 4:32 | Create | Villager (Male) |
| 4:48 | Create | Villager (Male) |
| 4:49 | Create | Villager (Male) |
| 4:50 | Create | Villager (Male) |
| 4:59 | Research | Loom |
| 4:59 | Research | Loom |
| 4:59 | Research | Loom |
| 5:15 | Build | Barracks |
| 5:43 | Build | House |
| 5:48 | Build | House |
| 6:11 | Create | Villager (Male) |
| 6:34 | Build | Mining Camp |
| 6:39 | Research | Feudal Age |
| 6:39 | Research | Feudal Age |
| 6:57 | Create | Militia |
| 7:14 | Create | Militia |
| 7:26 | Build | Mill |
| 7:33 | Build | House |
| 7:41 | Create | Militia |
| 7:54 | Research | Loom |
| 7:54 | Research | Loom |
| 8:51 | Age | Feudal Age |
| 9:00 | Create | Villager (Male) |
| 9:02 | Research | Man-at-Arms (upgrade) |
| 9:02 | Research | Man-at-Arms (upgrade) |
| 9:02 | Research | Man-at-Arms (upgrade) |
| 9:02 | Research | Man-at-Arms (upgrade) |
| 9:15 | Build | Archery Range |
| 9:17 | Create | Villager (Male) |
| 9:19 | Research | Double-Bit Axe |
| 9:19 | Research | Double-Bit Axe |
| 9:45 | Build | Farm |
| 9:47 | Build | Farm |
| 10:00 | Create | Villager (Male) |
| 10:10 | Create | Archer |
| 10:14 | Build | House |
| 10:33 | Create | Villager (Male) |
| 10:37 | Build | Farm |
| 10:46 | Create | Archer |
| 10:56 | Create | Villager (Male) |
| 11:24 | Create | Archer |
| 11:25 | Create | Villager (Male) |
| 11:28 | Build | Farm |
| 11:30 | Build | Farm |
| 11:37 | Create | Villager (Male) |
| 11:47 | Build | House |
| 11:56 | Build | Farm |
| 11:58 | Build | Farm |
| 12:06 | Create | Villager (Male) |
| 12:06 | Create | Villager (Male) |
| 12:06 | Create | Villager (Male) |
| 12:07 | Create | Archer |
| 12:10 | Build | House |
| 12:38 | Create | Villager (Male) |
| 12:48 | Create | Villager (Male) |
| 12:58 | Build | Stable |
| 13:00 | Build | Stable |
| 13:03 | Create | Archer |
| 13:20 | Build | House |
| 13:46 | Create | Villager (Male) |
| 13:46 | Create | Scout Cavalry |
| 13:48 | Create | Villager (Male) |
| 13:50 | Build | Farm |
| 14:07 | Create | Archer |
| 14:07 | Create | Villager (Male) |
| 14:12 | Create | Villager (Male) |
| 14:15 | Build | Farm |
| 14:17 | Build | Farm |
| 14:21 | Create | Scout Cavalry |
| 14:33 | Build | Farm |
| 14:34 | Build | Farm |
| 14:46 | Create | Archer |
| 14:53 | Create | Villager (Male) |
| 15:17 | Create | Villager (Male) |
| 15:18 | Build | Blacksmith |
| 15:19 | Create | Villager (Male) |
| 15:43 | Create | Villager (Male) |
| 15:54 | Build | Farm |
| 15:55 | Build | Farm |
| 16:20 | Create | Archer |
| 16:27 | Build | Farm |
| 16:29 | Build | Lumber Camp |
| 16:45 | Research | Castle Age |
| 17:03 | Create | Archer |
| 17:18 | Build | House |
| 17:18 | Build | House |
| 17:27 | Research | Fletching |
| 17:27 | Research | Fletching |
| 17:27 | Research | Fletching |
| 17:45 | Research | Horse Collar |
| 17:45 | Research | Horse Collar |
| 17:45 | Research | Horse Collar |
| 17:46 | Research | Gold Mining |
| 17:46 | Research | Gold Mining |
| 17:46 | Research | Gold Mining |
| 17:50 | Build | House |
| 17:52 | Build | House |
| 17:53 | Build | Palisade Wall |
| 17:55 | Create | Archer |
| 18:04 | Create | Archer |
| 19:07 | Create | Archer |
| 19:09 | Create | Villager (Male) |
| 19:30 | Age | Castle Age |
| 19:32 | Research | Bodkin Arrow |
| 19:32 | Research | Bodkin Arrow |
| 19:32 | Research | Bodkin Arrow |
| 19:37 | Research | Crossbowman (upgrade) |
| 19:37 | Research | Crossbowman (upgrade) |
| 19:37 | Research | Crossbowman (upgrade) |
| 19:37 | Research | Crossbowman (upgrade) |
| 19:43 | Create | Villager (Male) |
| 19:47 | Build | Town Center |
| 19:50 | Create | Villager (Male) |
| 19:57 | Create | Villager (Male) |
| 20:02 | Build | Siege Workshop |
| 20:04 | Build | Siege Workshop |
| 20:05 | Create | Villager (Male) |
| 20:14 | Create | Villager (Male) |
| 20:26 | Create | Archer |
| 20:26 | Create | Villager (Male) |
| 20:27 | Build | Farm |
| 20:28 | Build | Farm |
| 20:35 | Build | Town Center |
| 20:41 | Create | Archer |
| 20:42 | Create | Villager (Male) |
| 20:52 | Create | Villager (Male) |
| 20:53 | Research | Bow Saw |
| 20:53 | Research | Bow Saw |
| 20:53 | Research | Bow Saw |
| 21:16 | Build | Farm |
| 21:26 | Create | Archer |
| 21:28 | Research | Padded Archer Armor |
| 21:35 | Research | Wheelbarrow |
| 21:44 | Create | Villager (Male) |
| 21:44 | Create | Villager (Male) |
| 21:56 | Create | Villager (Male) |
Match timeline
| 5:15 | [o.p.]Oliver_Khan · first_building Barracks |
| 8:01 | [o.p.]King_Marv · first_building Barracks |
| 8:51 | [o.p.]Oliver_Khan · age_up feudal |
| 9:04 | [o.p.]King_Marv · wall_segment Palisade Wall x1 |
| 9:05 | [o.p.]King_Marv · wall_segment Palisade Wall x1 |
| 9:10 | [o.p.]King_Marv · wall_segment Palisade Wall x1 |
| 9:13 | [o.p.]King_Marv · wall_segment Palisade Wall x1 |
| 9:15 | [o.p.]Oliver_Khan · first_building Archery Range |
| 9:15 | [o.p.]King_Marv · age_up feudal |
| 9:20 | [o.p.]King_Marv · first_building Archery Range |
| 9:25 | [o.p.]King_Marv · wall_segment Palisade Wall x1 |
| 9:28 | [o.p.]King_Marv · wall_segment Palisade Wall x1 |
| 9:29 | [o.p.]King_Marv · wall_segment Palisade Wall x1 |
| 9:30 | [o.p.]King_Marv · wall_segment Palisade Wall x1 |
| 9:31 | [o.p.]King_Marv · wall_segment Palisade Wall x1 |
| 9:32 | [o.p.]King_Marv · wall_segment Palisade Wall x1 |
| 9:33 | [o.p.]King_Marv · wall_segment Palisade Wall x1 |
| 9:35 | [o.p.]King_Marv · wall_segment Palisade Wall x1 |
| 9:36 | [o.p.]King_Marv · wall_segment Palisade Wall x1 |
| 9:37 | [o.p.]King_Marv · wall_segment Palisade Wall x1 |
| 10:29 | [o.p.]King_Marv · wall_segment Palisade Wall x1 |
| 10:30 | [o.p.]King_Marv · wall_segment Palisade Wall x1 |
| 10:41 | [o.p.]King_Marv · wall_segment Palisade Wall x1 |
| 10:42 | [o.p.]King_Marv · wall_segment Palisade Wall x1 |
| 10:43 | [o.p.]King_Marv · wall_segment Palisade Wall x1 |
| 11:38 | [o.p.]King_Marv · wall_segment Palisade Wall x1 |
| 11:41 | [o.p.]King_Marv · wall_segment Palisade Wall x4 |
| 12:51 | [o.p.]King_Marv · wall_segment Palisade Wall x1 |
| 12:58 | [o.p.]Oliver_Khan · first_building Stable |
| 13:04 | [o.p.]King_Marv · wall_segment Palisade Wall x7 |
| 16:15 | [o.p.]King_Marv · wall_segment Palisade Wall x1 |
| 16:34 | [o.p.]King_Marv · first_market_buy 100 food |
| 16:34 | [o.p.]King_Marv · first_market_sell 100 wood |
| 17:02 | [o.p.]King_Marv · wall_segment Palisade Wall x1 |
| 17:53 | [o.p.]Oliver_Khan · wall_segment Palisade Wall x1 |
| 19:30 | [o.p.]Oliver_Khan · age_up castle |
| 19:59 | [o.p.]King_Marv · wall_segment Stone Wall x1 |
| 20:00 | [o.p.]King_Marv · wall_segment Stone Wall x3 |
| 20:02 | [o.p.]Oliver_Khan · first_building Siege Workshop |
| 20:46 | [o.p.]King_Marv · age_up castle |
| 25:27 | [o.p.]King_Marv · first_building Monastery |
| 25:34 | [o.p.]King_Marv · first_building Siege Workshop |
| 28:51 | [o.p.]Oliver_Khan · first_building Castle |
| 30:51 | [o.p.]King_Marv · first_building Castle |
| 31:49 | [o.p.]Oliver_Khan · first_market_sell 500 wood |
| 34:59 | [o.p.]Oliver_Khan · age_up imperial |
| 35:49 | [o.p.]Oliver_Khan · first_market_buy 100 stone |
| 36:06 | [o.p.]King_Marv · age_up imperial |
| 47:40 | [o.p.]King_Marv · resign |
[ AI ANALYSIS · 1 CREDIT ]
What really happened in this match?
Wolo.gg analyzes every decision: build order, eco, micro, common mistakes by bracket. Personalized analysis on WhatsApp or Discord in 30 seconds.
Civ guide
Incas
Perfil
Jugador #1787077